[ AOE2 MATCH · #495346960 ]
UnrankedDravidians vs Hindustanis
Player's team · WIN
[ REPLAY ANALYSIS · EXTRACTED FROM THE RECORDED GAME ]
Feudal
9:38
Castle
19:53
Imperial
37:43
| APM avg | 35.1 |
| APM peak | 80 |
| eAPM avg | 19.1 |
| Villagers / military | 98 / 71 |
Focus
⚔️ 36.1% · 🌾 63.9%
Elephant Archer ×34 · Scout Cavalry ×32 · Skirmisher ×5
Feudal
9:42
Castle
21:15
Imperial
—
| APM avg | 42.5 |
| APM peak | 74 |
| eAPM avg | 23.0 |
| Villagers / military | 81 / 110 |
Focus
⚔️ 24.1% · 🌾 75.9%
Skirmisher ×57 · Camel Scout ×31 · Scout Cavalry ×7 · Armored Elephant ×6 · Mangonel ×5 · Spearman ×4
Match map
Initial resources + every placement click. Lines = walls · curves = elevation contours. ◆ gold · ⬟ stone · ● berries · ✦ relic · ◌ wall gap
Your base· ✓ Closed at 19:53 · 55t walls · no gate
kilimangeakoi's base· Open — opponent sealed themselves in
Smoothed initial terrain · ◌ = detected wall gap · hover for details
Inputs per minute
— HeN_BenP - - kilimangeakoi
Build order — HeN_BenP
First 150 of 319 actions detected
| 0:00 | Create | Villager (Male) |
| 0:00 | Create | Villager (Male) |
| 0:01 | Create | Villager (Male) |
| 0:01 | Create | Villager (Male) |
| 0:02 | Build | House |
| 0:04 | Build | House |
| 1:52 | Create | Villager (Male) |
| 1:54 | Build | Lumber Camp |
| 2:13 | Create | Villager (Male) |
| 2:24 | Create | Villager (Male) |
| 2:48 | Create | Villager (Male) |
| 2:58 | Build | House |
| 3:43 | Create | Villager (Male) |
| 3:43 | Create | Villager (Male) |
| 4:11 | Create | Villager (Male) |
| 4:37 | Build | Mill |
| 4:49 | Create | Villager (Male) |
| 5:11 | Create | Villager (Male) |
| 5:40 | Create | Villager (Male) |
| 5:40 | Create | Villager (Male) |
| 5:42 | Research | Loom |
| 5:45 | Create | Villager (Male) |
| 5:45 | Research | Loom |
| 7:25 | Research | Feudal Age |
| 7:46 | Build | Mill |
| 8:36 | Build | Barracks |
| 8:38 | Build | House |
| 8:56 | Create | Villager (Male) |
| 8:56 | Create | Villager (Male) |
| 9:06 | Build | House |
| 9:28 | Build | Palisade Wall |
| 9:38 | Age | Feudal Age |
| 9:49 | Build | Stable |
| 9:56 | Research | Double-Bit Axe |
| 9:56 | Research | Horse Collar |
| 10:21 | Create | Villager (Male) |
| 10:24 | Build | Farm |
| 10:28 | Create | Scout Cavalry |
| 10:29 | Create | Scout Cavalry |
| 10:36 | Build | House |
| 10:38 | Build | Palisade Wall |
| 10:42 | Create | Villager (Male) |
| 10:54 | Build | Farm |
| 10:58 | Build | Palisade Wall |
| 11:07 | Build | Farm |
| 11:10 | Create | Villager (Male) |
| 11:11 | Create | Scout Cavalry |
| 11:21 | Build | Palisade Wall |
| 11:25 | Create | Villager (Male) |
| 11:32 | Create | Scout Cavalry |
| 11:35 | Build | Farm |
| 12:23 | Create | Scout Cavalry |
| 12:23 | Create | Scout Cavalry |
| 12:24 | Create | Villager (Male) |
| 12:30 | Build | Farm |
| 12:30 | Build | Farm |
| 12:32 | Build | Farm |
| 12:39 | Build | House |
| 12:41 | Build | Palisade Wall |
| 12:48 | Build | House |
| 12:49 | Build | Palisade Wall |
| 13:03 | Create | Villager (Male) |
| 13:11 | Build | Farm |
| 13:19 | Create | Villager (Male) |
| 13:43 | Create | Villager (Male) |
| 14:01 | Build | Farm |
| 14:01 | Build | Farm |
| 14:07 | Build | Farm |
| 14:12 | Create | Villager (Male) |
| 14:20 | Build | House |
| 14:26 | Build | Palisade Wall |
| 14:31 | Create | Villager (Male) |
| 14:37 | Build | Mining Camp |
| 14:54 | Build | Palisade Wall |
| 15:03 | Create | Villager (Male) |
| 15:03 | Create | Villager (Male) |
| 15:33 | Build | Blacksmith |
| 15:50 | Create | Villager (Male) |
| 15:53 | Build | House |
| 16:02 | Build | Farm |
| 16:10 | Create | Villager (Male) |
| 16:25 | Build | House |
| 16:30 | Build | House |
| 16:41 | Create | Villager (Male) |
| 16:52 | Build | House |
| 16:57 | Build | House |
| 17:02 | Research | Castle Age |
| 17:06 | Build | Lumber Camp |
| 17:24 | Build | House |
| 17:28 | Build | Palisade Wall |
| 17:59 | Build | Farm |
| 17:59 | Build | Farm |
| 18:13 | Research | Fletching |
| 18:13 | Research | Padded Archer Armor |
| 18:48 | Build | Stone Wall |
| 19:22 | Create | Villager (Male) |
| 19:27 | Build | Archery Range |
| 19:30 | Build | Archery Range |
| 19:53 | Build | Farm |
| 19:53 | Build | Farm |
| 19:53 | Age | Castle Age |
| 19:53 | Build | Farm |
| 20:01 | Research | Bow Saw |
| 20:03 | Create | Villager (Male) |
| 20:14 | Build | House |
| 20:17 | Build | Stone Wall |
| 20:31 | Build | House |
| 20:37 | Create | Elephant Archer |
| 20:37 | Create | Elephant Archer |
| 20:38 | Create | Elephant Archer |
| 20:38 | Create | Elephant Archer |
| 20:39 | Create | Villager (Male) |
| 20:40 | Create | Villager (Male) |
| 21:13 | Build | Town Center |
| 21:16 | Create | Villager (Male) |
| 21:21 | Create | Elephant Archer |
| 21:25 | Research | Heavy Plow |
| 21:42 | Research | Husbandry |
| 21:51 | Build | Farm |
| 21:52 | Build | Farm |
| 21:52 | Build | Farm |
| 21:52 | Build | Farm |
| 22:01 | Research | Bodkin Arrow |
| 22:08 | Create | Villager (Male) |
| 22:23 | Create | Villager (Male) |
| 22:38 | Build | Farm |
| 22:38 | Build | Farm |
| 22:39 | Build | Farm |
| 22:40 | Create | Villager (Male) |
| 22:53 | Build | Stone Wall |
| 23:02 | Build | House |
| 23:12 | Create | Elephant Archer |
| 23:12 | Create | Elephant Archer |
| 23:13 | Create | Villager (Male) |
| 23:19 | Build | Farm |
| 23:19 | Build | Farm |
| 23:19 | Build | Farm |
| 23:20 | Build | Farm |
| 23:21 | Build | Farm |
| 23:22 | Build | Farm |
| 23:22 | Build | Farm |
| 23:24 | Create | Villager (Male) |
| 23:33 | Create | Villager (Male) |
| 23:36 | Build | Farm |
| 23:54 | Create | Villager (Male) |
| 23:54 | Create | Villager (Male) |
| 23:55 | Create | Villager (Male) |
| 24:15 | Create | Villager (Male) |
| 24:15 | Create | Villager (Male) |
| 24:20 | Build | Farm |
Build order — kilimangeakoi
First 150 of 293 actions detected
| 0:01 | Create | Villager (Male) |
| 0:02 | Create | Villager (Male) |
| 0:02 | Create | Villager (Male) |
| 0:02 | Create | Villager (Male) |
| 0:04 | Build | House |
| 0:06 | Build | House |
| 1:17 | Create | Villager (Male) |
| 1:17 | Create | Villager (Male) |
| 1:17 | Create | Villager (Male) |
| 1:35 | Create | Villager (Male) |
| 1:49 | Build | Lumber Camp |
| 1:55 | Create | Villager (Male) |
| 1:55 | Create | Villager (Male) |
| 2:21 | Create | Villager (Male) |
| 2:45 | Create | Villager (Male) |
| 2:45 | Create | Villager (Male) |
| 3:14 | Create | Villager (Male) |
| 3:26 | Build | House |
| 3:32 | Create | Villager (Male) |
| 3:32 | Create | Villager (Male) |
| 4:28 | Create | Villager (Male) |
| 4:28 | Create | Villager (Male) |
| 4:29 | Create | Villager (Male) |
| 4:33 | Build | Mill |
| 5:03 | Create | Villager (Male) |
| 5:03 | Create | Villager (Male) |
| 5:44 | Build | House |
| 5:51 | Create | Villager (Male) |
| 6:10 | Research | Loom |
| 7:07 | Research | Feudal Age |
| 8:06 | Build | Barracks |
| 8:27 | Create | Villager (Male) |
| 8:55 | Build | Farm |
| 9:10 | Build | House |
| 9:42 | Age | Feudal Age |
| 9:46 | Build | Stable |
| 9:48 | Create | Villager (Male) |
| 9:54 | Research | Double-Bit Axe |
| 9:58 | Build | House |
| 10:08 | Build | Farm |
| 10:18 | Build | Palisade Wall |
| 10:20 | Create | Villager (Male) |
| 10:27 | Create | Scout Cavalry |
| 10:28 | Create | Scout Cavalry |
| 10:28 | Create | Scout Cavalry |
| 10:33 | Build | Farm |
| 10:48 | Build | Mill |
| 10:49 | Create | Villager (Male) |
| 11:14 | Build | House |
| 11:19 | Create | Villager (Male) |
| 11:20 | Create | Villager (Male) |
| 11:44 | Build | Farm |
| 11:44 | Build | Farm |
| 11:45 | Build | Farm |
| 11:46 | Create | Villager (Male) |
| 12:09 | Create | Spearman |
| 12:12 | Build | House |
| 12:18 | Build | Palisade Wall |
| 12:27 | Create | Villager (Male) |
| 12:27 | Create | Villager (Male) |
| 12:33 | Build | Farm |
| 12:34 | Build | Farm |
| 12:47 | Build | Farm |
| 12:54 | Create | Scout Cavalry |
| 12:54 | Create | Scout Cavalry |
| 13:09 | Build | Farm |
| 13:09 | Build | Farm |
| 13:09 | Build | Farm |
| 13:24 | Create | Spearman |
| 13:41 | Create | Scout Cavalry |
| 13:41 | Create | Scout Cavalry |
| 13:46 | Create | Spearman |
| 13:59 | Create | Villager (Male) |
| 14:04 | Create | Villager (Male) |
| 14:04 | Create | Villager (Male) |
| 14:22 | Build | House |
| 14:26 | Build | Palisade Wall |
| 14:44 | Create | Villager (Male) |
| 14:47 | Create | Spearman |
| 14:53 | Build | Farm |
| 14:55 | Create | Villager (Male) |
| 14:56 | Create | Villager (Male) |
| 15:06 | Build | Farm |
| 15:43 | Create | Villager (Male) |
| 15:45 | Build | Mining Camp |
| 16:13 | Create | Villager (Male) |
| 16:18 | Research | Wheelbarrow |
| 16:48 | Build | Blacksmith |
| 16:50 | Build | House |
| 17:55 | Create | Villager (Male) |
| 18:00 | Build | Market |
| 18:26 | Research | Castle Age |
| 18:49 | Research | Scale Barding Armor |
| 19:14 | Build | Farm |
| 19:18 | Research | Forging |
| 19:53 | Build | Stable |
| 20:03 | Create | Villager (Male) |
| 20:03 | Create | Villager (Male) |
| 20:20 | Research | Bloodlines |
| 20:35 | Build | Farm |
| 20:36 | Build | Farm |
| 20:48 | Research | Horse Collar |
| 21:02 | Build | Farm |
| 21:02 | Build | Farm |
| 21:15 | Age | Castle Age |
| 21:21 | Create | Camel Scout |
| 21:21 | Create | Camel Scout |
| 21:22 | Create | Camel Scout |
| 21:22 | Create | Camel Scout |
| 21:22 | Create | Camel Scout |
| 21:22 | Create | Camel Scout |
| 21:26 | Create | Villager (Male) |
| 22:05 | Build | Lumber Camp |
| 22:32 | Create | Villager (Male) |
| 22:32 | Create | Villager (Male) |
| 22:33 | Create | Villager (Male) |
| 22:34 | Create | Villager (Male) |
| 23:08 | Build | Town Center |
| 23:09 | Create | Villager (Male) |
| 23:09 | Create | Villager (Male) |
| 23:09 | Create | Villager (Male) |
| 23:09 | Create | Villager (Male) |
| 23:21 | Create | Villager (Male) |
| 23:21 | Create | Villager (Male) |
| 23:30 | Build | House |
| 23:38 | Create | Villager (Male) |
| 24:13 | Build | Archery Range |
| 24:49 | Build | Siege Workshop |
| 24:57 | Build | Archery Range |
| 25:00 | Research | Fletching |
| 25:00 | Research | Padded Archer Armor |
| 25:01 | Create | Villager (Male) |
| 25:01 | Create | Villager (Male) |
| 25:01 | Create | Villager (Male) |
| 25:08 | Build | Farm |
| 25:10 | Create | Villager (Male) |
| 25:10 | Create | Villager (Male) |
| 25:10 | Create | Villager (Male) |
| 25:23 | Build | Farm |
| 25:23 | Build | Farm |
| 25:25 | Create | Villager (Male) |
| 25:37 | Create | Skirmisher |
| 25:37 | Create | Skirmisher |
| 25:39 | Create | Villager (Male) |
| 25:40 | Create | Villager (Male) |
| 25:53 | Research | Elite Skirmisher (upgrade) |
| 25:54 | Create | Skirmisher |
| 25:54 | Create | Skirmisher |
| 26:07 | Create | Skirmisher |
| 26:07 | Create | Skirmisher |
Match timeline
| 8:06 | kilimangeakoi · first_building Barracks |
| 8:36 | HeN_BenP · first_building Barracks |
| 9:28 | HeN_BenP · wall_segment Palisade Wall x3 |
| 9:38 | HeN_BenP · age_up feudal |
| 9:42 | kilimangeakoi · age_up feudal |
| 9:46 | kilimangeakoi · first_building Stable |
| 9:49 | HeN_BenP · first_building Stable |
| 10:18 | kilimangeakoi · wall_segment Palisade Wall x1 |
| 10:38 | HeN_BenP · wall_segment Palisade Wall x10 |
| 10:58 | HeN_BenP · wall_segment Palisade Wall x6 |
| 11:21 | HeN_BenP · wall_segment Palisade Wall x5 |
| 12:18 | kilimangeakoi · wall_segment Palisade Wall x1 |
| 12:41 | HeN_BenP · wall_segment Palisade Wall x9 |
| 12:49 | HeN_BenP · wall_segment Palisade Wall x6 |
| 14:26 | HeN_BenP · wall_segment Palisade Wall x1 |
| 14:26 | kilimangeakoi · wall_segment Palisade Wall x4 |
| 14:54 | HeN_BenP · wall_segment Palisade Wall x4 |
| 17:28 | HeN_BenP · wall_segment Palisade Wall x1 |
| 18:48 | HeN_BenP · wall_segment Stone Wall x10 |
| 19:27 | HeN_BenP · first_building Archery Range |
| 19:53 | HeN_BenP · age_up castle |
| 20:17 | HeN_BenP · wall_segment Stone Wall x1 |
| 21:15 | kilimangeakoi · age_up castle |
| 22:42 | kilimangeakoi · first_market_buy 100 wood |
| 22:53 | HeN_BenP · wall_segment Stone Wall x1 |
| 24:10 | kilimangeakoi · first_market_sell 100 food |
| 24:13 | kilimangeakoi · first_building Archery Range |
| 24:49 | kilimangeakoi · first_building Siege Workshop |
| 27:25 | HeN_BenP · wall_segment Stone Wall x2 |
| 27:28 | HeN_BenP · wall_segment Stone Wall x8 |
| 30:41 | HeN_BenP · first_market_sell 100 food |
| 30:42 | HeN_BenP · first_market_buy 100 wood |
| 32:01 | HeN_BenP · first_building Castle |
| 37:02 | HeN_BenP · first_building Monastery |
| 37:43 | HeN_BenP · age_up imperial |
| 37:52 | kilimangeakoi · resign |
[ AI ANALYSIS · 1 CREDIT ]
What really happened in this match?
Wolo.gg analyzes every decision: build order, eco, micro, common mistakes by bracket. Personalized analysis on WhatsApp or Discord in 30 seconds.
Civ guide
Dravidians
Perfil
HeN_BenP